 Dungeon Crawl Stone Soup version 0.27.1-1-g398f81649c (webtiles) character file.

Game seed: 5757399522333586665

8 nxtlvl the Ruffian (level 2, -2/23 HPs)
             Began as a Minotaur Transmuter on Sept 18, 2021.
             Slain by a ball python (3 damage)
             ... on level 2 of the Dungeon.
             The game lasted 00:01:02 (99 turns).

nxtlvl the Ruffian (Minotaur Transmuter)              Turns: 99, Time: 00:01:02

Health: -2/23      AC:  2    Str: 14    XL:     2   Next: 0%
Magic:  3/3        EV: 12    Int: 10    God:
Gold:   0          SH:  0    Dex: 10    Spells: 2/3 levels left

rFire    . . .     SeeInvis .     - Unarmed
rCold    . . .     Faith    .   (no shield)
rNeg     . . .     Spirit   .   a - +0 robe
rPois    .         Reflect  .   (helmet restricted)
rElec    .         Harm     .   (no cloak)
rCorr    .         Rampage  .   (no gloves)
Will     +....                  (no boots)
Stlth    +.........             (no amulet)
HPRegen  0.07/turn              b - ring of willpower
MPRegen  0.08/turn              (no ring)

@: no status effects
A: horns 2, retaliatory headbutt
a: no special abilities


You were on level 2 of the Dungeon.
You visited 1 branch of the dungeon, and saw 2 of its levels.

Inventory:

Armour
 a - a +0 robe (worn)
Jewellery
 b - a ring of willpower (left hand)


   Skills:
 - Level 1.2 Fighting
 - Level 2.1 Dodging
 * Level 3.9 Unarmed Combat
 - Level 1.3 Spellcasting
 - Level 1.5 Transmutations


You had 2 spell levels left.
You knew the following spells:

 Your Spells              Type           Power      Damage    Failure   Level
a - Beastly Appendage     Tmut           6%         N/A       19%         1

Your spell library contained the following spells:

 Spells                   Type           Power      Damage    Failure   Level
 Wereblood                Tmut           3%         N/A       26%         2
 Spider Form              Tmut/Pois      1%         N/A       58%         3
 Ice Form                 Ice/Tmut       2%         N/A       94%         4


Dungeon Overview and Level Annotations

Branches:
Dungeon (2/15)

Altars:


Innate Abilities, Weirdness & Mutations

You have a pair of horns on your head.
You reflexively headbutt those who attack you in melee.


Message History

A goblin comes into view. It is wielding a +0 club.
Your talons disappear.
The goblin shouts!
A kobold comes into view. It is wielding a +3 short sword.
A ball python comes into view.
A worm comes into view.
Found a small bronze ring.
The goblin hits you with a +0 club. The goblin barely misses you.
You closely miss the goblin. The goblin hits you with a +0 club.
You hit the goblin.
The goblin is heavily wounded.
The goblin hits you with a +0 club.
* * * LOW HITPOINT WARNING * * *
You barely miss the goblin.
The goblin is heavily wounded.
You barely miss the goblin.
The goblin is heavily wounded.
The goblin hits you with a +0 club.
* * * LOW HITPOINT WARNING * * *
You hit the goblin but do no damage. Your headbutt misses the goblin.
The goblin is heavily wounded.
The goblin closely misses you.
You miss the goblin.
The goblin is moderately wounded.
The goblin barely misses you. You furiously retaliate!
You headbutt the goblin!
You kill the goblin!
You hit the kobold but do no damage. You closely miss the kobold.
You headbutt the kobold.
The kobold is heavily wounded.
The kobold closely misses you.
You barely miss the kobold. You headbutt the kobold.
You kill the kobold!
You have reached level 2!
You completely miss the ball python. You headbutt the ball python.
The ball python is heavily wounded.
The ball python bites you.
* * * LOW HITPOINT WARNING * * *
The ball python misses you. The ball python bites you.
You die...

#########......#.#..###S.
.......<.................
###########....#.#.......
#....†.....#..#....
.............#.......
###.###.....##..... .
#.....w...# .......
#.####S##.# ..#....
#@##.# ..#.... #.##.#
#.##w# #.##.# #.#.=.
...... #.# ..#


You could see a worm and a ball python.

Vanquished Creatures
  2 hobgoblins
  A kobold (D:2)
  A ball python (D:1)
  A bat (D:1)
  2 goblins
  A rat (D:1)
8 creatures vanquished.

Notes
Turn   | Place    | Note
-------+----------+-------------------------------------------
     0 | D:1      | nxtlvl the Minotaur Transmuter began the quest for the Orb.
     0 | D:1      | Reached XP level 1. HP: 16/16 MP: 1/1
    99 | D:2      | Reached XP level 2. HP: 2/23 MP: 3/3
    99 | D:2      | HP: 1/23 [ball python (1)]
    99 | D:2      | Slain by a ball python

Illustrated notes

Levels and vault maps discovered:
D:1:      saegor_arrival_under_anarchy, layout_basic
D:2:      layout_basic

Action                   || total
-------------------------++-------
Melee: Unarmed           ||    23
       Headbutt          ||     5
       Kick              ||     2
 Cast: Beastly Appendage ||     2
Armor: Robe              ||     2
Dodge: Dodged            ||    10
